 Dungeon Crawl Stone Soup version 0.21.1-1-g345015f (webtiles) character file.

1246 HammerPanzer the Carver (level 8, -6/73 HPs)
             Began as a Yellow Draconian Berserker on Apr 5, 2018.
             Was an Elder of Trog.
             Killed by divine providence
             ... invoked by an orc priest
              (14 damage)
             ... on level 6 of the Dungeon.
             The game lasted 00:13:39 (6163 turns).

HammerPanzer the Carver (DrBe)                      Turns: 6163, Time: 00:13:41

Health: -6/73      AC:  6    Str: 27    XL:     8   Next: 25%
Magic:  8/8        EV: 12    Int:  8    God:    Trog [****..]
Gold:   425        SH:  0    Dex: 11    Spells: 7/7 levels left

rFire    . . .     SeeInvis .   o - +0 long sword (curse)
rCold    . . .     Gourm    +   (no shield)
rNeg     . . .     Faith    .   (armour unavailable)
rPois    .         Spirit   .   (helmet restricted)
rElec    .         Reflect  .   (no cloak)
rCorr    +         Harm     .   (no gloves)
MR       .....                  (no boots)
Stlth    +.........             g - amulet of the gourmand
HPRegen  0.22/turn              c - +6 ring of strength
MPRegen  0.11/turn              (no ring)

@: short of breath, berserk cooldown, slowed, very slow
A: spit acid, acid resistance, unfitting armour, cold-blooded, AC +6
a: Breathe Acid, Berserk, Trog's Hand, Brothers in Arms, Burn Spellbooks,
Renounce Religion


You were on level 6 of the Dungeon.
You worshipped Trog.
Trog was greatly pleased with you.
You were very full.

You visited 1 branch of the dungeon, and saw 6 of its levels.
You also visited: Sewer.

You collected 425 gold pieces.

Inventory:

Hand Weapons
 n - a +1 hand axe of chopping
 o - a cursed +0 long sword (weapon)
Jewellery
 c - a +6 ring of strength (left hand)
 g - an amulet of the gourmand (around neck)
Wands
 a - a wand of iceblast (7)
 p - a wand of random effects (27)
Scrolls
 d - 8 scrolls of remove curse
 h - 4 scrolls of identify
 l - a scroll of fog
 m - 2 scrolls of enchant weapon
 q - a scroll of blinking {unknown}
 s - a scroll of teleportation
Potions
 e - 2 potions of flight
 f - a potion of brilliance
 j - a potion of heal wounds
 k - 2 potions of curing
 r - a potion of magic {unknown}
Books
 i - a book of Minor Magic

   Spells                             Type                      Level
   a - Magic Dart                     Conjuration                  1
   b - Blink                          Translocation                2
   c - Call Imp                       Summoning                    2
   d - Slow                           Hexes                        2
   e - Conjure Flame                  Conjuration/Fire             3
   f - Mephitic Cloud                 Conjuration/Poison/Air       3
   Trog disapproves of the use of such an item.
Comestibles
 b - 13 rations


   Skills:
 + Level 7.0 Fighting
 * Level 8.8 Long Blades
 - Level 2.6 Dodging


You had 7 spell levels left.
You didn't know any spells.

Dungeon Overview and Level Annotations

Branches:
Dungeon (6/15)
 Temple: D:4-7

Altars:
Ru
Yredelemnul

Shops:
D:5 ?


Innate Abilities, Weirdness & Mutations

You can spit globs of acid.
You are resistant to acid.
Your golden yellow scales are hard. (AC +6)
You cannot fit into any form of body armour.
You are cold-blooded and may be slowed by cold attacks.


Message History

You slash the orc warrior!
The orc warrior is severely wounded.
The orc warrior barely misses you.
You closely miss the orc warrior. You tail-slap the orc warrior.
The orc warrior is severely wounded.
An orc priest comes into view. It is wielding a dagger.
You closely miss the orc warrior.
The orc warrior is severely wounded.
The orc warrior hits you with a flail.
* * * LOW HITPOINT WARNING * * *
The worker ant bites you but does no damage.
There is a stone staircase leading up here.
You see here a tomahawk.
You feel a strong urge to attack something.
You are no longer berserk.
You are exhausted.
You feel yourself slow down.
The orc priest mumbles some strange prayers to Beogh against you.
Beogh smites you!
You die...

#### ...##
..># #..#
#..# #)[#
#>@#
#......oa#
#........o.
.......#####
#.##### #


You could see an orc warrior, a worker ant and an orc priest.

Vanquished Creatures
  An ogre (D:4)
  A centaur (D:5)
  3 bullfrogs
  3 scorpions (D:4)
  A howler monkey (D:5)
  3 crimson imps (D:5)
  A centaur skeleton (D:4)
  5 hounds
  Jessica (D:3)
  Ijyb (D:4)
  6 orc wizards
  A worker ant (D:4)
  3 adders
  A shadow imp (D:5)
  3 oozes
  An adder zombie (D:5)
  7 worms
  A dart slug (D:4)
  8 leopard geckos
  17 orcs
  3 ball pythons
  9 giant cockroaches
  9 goblins
  3 hobgoblins
  9 jackals
  4 quokkas
  A ball python zombie (D:5)
  8 bats
  16 frilled lizards
  3 kobolds (D:3)
  4 rats
  A spectral orc (D:4)
138 creatures vanquished.

Notes
Turn   | Place    | Note
-------+----------+-------------------------------------------
     0 | D:1      | HammerPanzer the Draconian Berserker began the quest for the Orb.
     0 | D:1      | Reached XP level 1. HP: 19/19 MP: 1/1
   207 | D:1      | Reached XP level 2. HP: 26/26 MP: 2/2
   569 | D:2      | Reached XP level 3. HP: 24/33 MP: 3/3
   868 | D:2      | Reached skill level 4 in Long Blades
  1342 | D:2      | Reached ** piety under Trog
  1632 | D:3      | Reached XP level 4. HP: 40/40 MP: 4/4
  1639 | D:3      | Reached skill level 5 in Long Blades
  1639 | D:3      | Reached XP level 5. HP: 47/47 MP: 5/5
  2093 | D:3      | Noticed Jessica
  2103 | D:3      | Killed Jessica
  2719 | D:4      | Noticed Ijyb
  2735 | D:4      | Killed Ijyb
  2764 | D:4      | Reached skill level 5 in Fighting
  2764 | D:4      | Reached XP level 6. HP: 50/56 MP: 6/6
  2838 | D:4      | Reached skill level 6 in Long Blades
  2935 | D:4      | Reached *** piety under Trog
  3643 | D:4      | Found a basalt altar of Yredelemnul.
  3693 | D:4      | Your scales start taking on a golden yellow colour.
  3693 | D:4      | Reached XP level 7. HP: 62/62 MP: 7/7
  3696 | D:4      | Reached skill level 7 in Long Blades
  3927 | D:4      | Found a sacrificial altar of Ru.
  4188 | D:5      | Entered Level 5 of the Dungeon
  4336 | D:5      | Found a glowing drain.
  4340 | Sewer    | Entered a sewer
  5405 | D:5      | Reached skill level 8 in Long Blades
  5661 | D:5      | Found Ruinlye's Magic Scroll Emporium.
  5678 | D:5      | Reached **** piety under Trog
  5705 | D:5      | Reached XP level 8. HP: 61/71 MP: 8/8
  6163 | D:6      | Killed from afar by an orc priest

Skill      XL: |  1  2  3  4  5  6  7  8 |
---------------+-------------------------+-----
Long Blades    | 4 5 6 8 |  8.8
Fighting       | 4 5 6 7 |  7.0
Dodging        | |  2.6

Action                   |  1- 3 |  4- 6 |  7- 9 || total
-------------------------+-------+-------+-------++-------
Melee: Falchion          |    57 |       |       ||    57
       Tailslap          |    12 |    22 |    26 ||    60
       Hand axe          |    39 |    39 |       ||    78
       Long sword        |       |   101 |   168 ||   269
Invok: Berserk           |     1 |     2 |     1 ||     4
       Burn Spellbooks   |       |       |     1 ||     1
 Abil: Breathe Acid      |       |       |     3 ||     3
  Use: Scroll            |    11 |       |     2 ||    13
       Potion            |       |     1 |       ||     1
  Eat: Chunk             |    18 |     7 |    10 ||    35
Armor: Skin              |    23 |    44 |    37 ||   104
Dodge: Dodged            |    65 |    96 |   103 ||   264
       Rpst.: Falchion   |    18 |       |       ||    18
       Long sword        |       |    18 |    31 ||    49
